 Dungeon Crawl Stone Soup version 0.29.1-12-g30fa7ad0bf (webtiles) character file.

Game seed: 587498014392332777

4533 Eitelfritz the Carver (level 10, -6/84 HPs)
             Began as a Minotaur Gladiator on Jan 13, 2023.
             Was a Follower of Yredelemnul.
             Mangled by Harold
             ... wielding a +0 halberd
              (12 damage)
             ... on level 9 of the Dungeon.
             The game lasted 00:22:18 (9959 turns).

Eitelfritz the Carver (Minotaur Gladiator)          Turns: 9959, Time: 00:22:22

Health: -6/84      AC: 15    Str: 22    XL:     10   Next: 17%
Magic:  13/13      EV: 12    Int:  7    God:    Yredelemnul [*.....]
Gold:   361        SH:  0    Dex: 11    Spells: 9/9 levels left

rFire   + . .      SeeInvis .   a - +2 long sword
rCold   . . .      Faith    .   (no shield)
rNeg    . . .      Spirit   .   M - +0 scale mail
rPois   .          Reflect  .   c - +2 hat
rElec   .          Harm     .   n - +2 cloak
rCorr   .          Rampage  .   j - +0 pair of gloves
Will    .....                   G - +0 pair of boots
Stlth   ..........              (no amulet)
HPRegen 0.24/turn               f - ring of flight
MPRegen 0.13/turn               L - ring of protection from fire

@: mighty, flying
A: horns 2, retaliatory headbutt
a: Renounce Religion, Recall Undead Harvest


You were on level 9 of the Dungeon.
You worshipped Yredelemnul.
Yredelemnul was noncommittal.
You visited 2 branches of the dungeon, and saw 10 of its levels.

You collected 478 gold pieces.
You spent 117 gold pieces at shops.

Inventory:

Hand Weapons
 a - a +2 long sword (weapon)
 b - a +0 shortbow
 v - a +1 antimagic flail
Missiles
 d - 4 throwing nets (quivered)
 e - a javelin
 h - a curare-tipped dart
 l - 77 stones
 F - 2 boomerangs
 H - 23 poisoned darts
Armour
 c - a +2 hat (worn)
 j - a +0 pair of gloves (worn)
 n - a +2 cloak (worn)
 o - a +0 plate armour
 G - a +0 pair of boots (worn)
 M - a +0 scale mail (worn)
Jewellery
 f - a ring of flight (left hand)
 I - a ring of positive energy
 L - a ring of protection from fire (right hand)
Wands
 m - a wand of light (4)
 q - a wand of mindburst (14)
 y - a wand of flame (58)
Scrolls
 k - a scroll of enchant armour
 C - 2 scrolls of teleportation
 E - a scroll of butterflies
Potions
 g - 4 potions of brilliance
 i - a potion of might
 p - 3 potions of cancellation {unknown}
 r - 3 potions of ambrosia
 s - 2 potions of flight {unknown}
 t - 4 potions of mutation {unknown}
 w - 5 potions of curing
 z - a potion of haste {unknown}
 D - a potion of degeneration {unknown}
 J - 2 potions of attraction {unknown}


   Skills:
 + Level 6.7 Fighting
 + Level 10.6 Long Blades
 + Level 3.9 Ranged Weapons
 + Level 2.1 Throwing
 + Level 7.2 Armour
 + Level 6.2 Dodging
 + Level 2.1 Stealth
 * Level 6.2 Invocations


You had 9 spell levels left.
You didn't know any spells.
Your spell library contained the following spells:

 Spells                   Type           Power      Damage    Failure   Level
 Sandblast                Erth           0%         2d4       73%         1
 Ensorcelled Hibernation  Hex/Ice        0%         N/A       86%         2
 Passwall                 Tmut/Erth      0%         N/A       86%         2
 Poisonous Vapours        Pois/Air       0%         N/A       86%         2
 Sublimation of Blood     Necr           0%         N/A       86%         2
 Gell's Gravitas          Tloc           0%         N/A       97%         3
 Ozocubu's Armour         Ice            0%         N/A       97%         3
 Spider Form              Tmut/Pois      0%         N/A       97%         3
 Stone Arrow              Conj/Erth      0%         3d7       97%         3
 Teleport Other           Tloc           0%         N/A       97%         3
 Anguish                  Hex/Necr       0%         N/A       100%        4
 Corpse Rot               Necr/Pois/Air  0%         N/A       100%        4
 Petrify                  Tmut/Erth      0%         N/A       100%        4
 Irradiate                Conj/Tmut      0%         3d11      100%        5
 Dispersal                Tloc           0%         N/A       100%        6
 Ozocubu's Refrigeration  Ice            0%         4d7       100%        7


Dungeon Overview and Level Annotations

Branches:
Dungeon (9/15)             Temple (1/1) D:7
   Lair: D:8-11         Orc: D:9-12

Altars:
Ashenzari
Cheibriados
Dithmenos
Fedhas
Gozag
Hepliaklqana
Kikubaaqudgha
Makhleb
Nemelex Xobeh
Okawaru
Qazlal
Trog
Uskayaw
Vehumet
Wu Jian
Xom
Yredelemnul
Zin
The Shining One

Shops:
D:2 !

Annotations:
D:8 Amaemon
D:9 Harold


Innate Abilities, Weirdness & Mutations

You have a pair of horns on your head.
You reflexively headbutt those who attack you in melee.


Message History

Something hits you. Something bites you.
Something draws strength from your injuries!
Harold hits you from afar with a +0 halberd.
You feel very mighty all of a sudden. Something hits you.
Something bites you but does no damage.
Harold hits you from afar with a +0 halberd!!
Something hits you but does no damage. Something completely misses you.
Harold hits you with a +0 halberd!
You slash Harold!
Harold is lightly wounded.
Something hits you but does no damage. Something bites you.
Something draws strength from your injuries!
Your gnoll sergeant zombie misses something.
Harold hits you with a +0 halberd!!
* * * LOW HITPOINT WARNING * * *
You closely miss something. Something hits you.
* * * LOW HITPOINT WARNING * * *
Something bites you but does no damage. Harold hits you with a +0 halberd!
* * * LOW HITPOINT WARNING * * *
Your gnoll zombie hits Harold.
Your gnoll sergeant zombie barely misses something.
Unknown command.
You feel much better. Something hits you but does no damage.
Something bites you but does no damage.
Harold says, "Bounty hunting has been great, but I can't wait to retire."
Harold hits you with a +0 halberd!!
* * * LOW HITPOINT WARNING * * *
Your gnoll zombie hits Harold.
Okay, then.
Unknown command.
Unknown command.
Unknown command.
You hit Harold. You headbutt Harold!
Harold is heavily wounded.
Your gnoll sergeant zombie closely misses something.
Something hits you!
* * * LOW HITPOINT WARNING * * *
Something bites you but does no damage. Harold hits you with a +0 halberd!
You die...
Your body rises from the dead as a mindless zombie.

#.# #Z# #.
####.#####.#
#.
..#....ZZ..#
#.
#.#..#######
#. #.#..# #.
#.#..# #.
##.#..####
#.
#..@Z....#
#.
#..@{....#
#.
#....Z...+
#.
#........#
######.
#........#
#....[.
#........#
#.#####
#........#
#.#
##+##+####
#.# #.# #.#


You could see Harold (ally target), a friendly gnoll zombie and a friendly gnoll
sergeant zombie.

Vanquished Creatures
  The ghost of tykejmi the Reanimator, a novice DENe (D:4)
  Prince Ribbit (D:7)
  3 yaks (D:9)
  The ghost of mpzz the Chopper, an amateur MiFi (D:4)
  2 steam dragons
  Menkaure (D:7)
  3 water moccasins
  An orc warrior (D:6)
  A sky beast (D:7)
  An ogre (D:4)
  A centaur (D:5)
  4 kobold brigands
  2 bullfrogs
  A scorpion (D:4)
  2 gnoll sergeants
  4 wights (D:7)
  A howler monkey (D:6)
  2 jellies (D:6)
  5 hounds
  3 orc priests
  2 gnoll boudas (D:6)
  Jessica (D:3)
  2 iguanas
  2 orc wizards (D:5)
  12 gnolls
  6 adders
  2 ufetubi (D:5)
  7 dart slugs
  17 orcs
  5 ball pythons
  10 endoplasms
  4 giant cockroaches
  10 hobgoblins
  2 jackals (D:2)
  22 kobolds
  6 quokkas
  3 bats
  6 frilled lizards
  8 goblins
  3 rats
170 creatures vanquished.

Vanquished Creatures (collateral kills)
  A yak (D:9)
  A water moccasin (D:9)
  A wolf (D:6)
  An ogre (D:4)
  A centaur (D:5)
  A gnoll sergeant (D:6)
  2 scorpions (D:4)
  A howler monkey (D:5)
  A hound (D:5)
  2 gnoll boudas
  6 gnolls
  An adder (D:5)
  A dart slug (D:4)
  An orc (D:7)
  A kobold (D:6)
22 creatures vanquished.

Vanquished Creatures (others)
  A water moccasin zombie (D:5)
  A yak zombie (D:9)
  An ogre zombie (D:4)
  2 hound zombies (D:6)
  5 orc zombies (D:5)
  2 jelly zombies (D:6)
  7 gnoll zombies
  6 kobold zombies
  A quokka zombie (D:4)
  A spectral ufetubus (D:5)
  9 plants (D:4)
36 creatures vanquished.

Grand Total: 228 creatures vanquished

Notes
Turn   | Place    | Note
-------+----------+-------------------------------------------
     0 | D:1      | Eitelfritz the Minotaur Gladiator began the quest for the
                  | Orb.
     0 | D:1      | Reached XP level 1. HP: 18/18 MP: 0/0
   207 | D:1      | Reached XP level 2. HP: 24/25 MP: 1/1
   261 | D:1      | Reached skill level 4 in Long Blades
   722 | D:1      | Found a faded altar of an unknown god.
   753 | D:1      | Reached XP level 3. HP: 30/30 MP: 2/2
  1707 | D:2      | Reached skill level 1 in Armour
  1785 | D:2      | Identified the +6 short sword of Perfectionism {vorpal,
                  | rElec rN++}
  2032 | D:2      | Found a burning altar of Makhleb.
  2067 | D:2      | Found Poem Mus's Distillery.
  2081 | D:2      | Bought a potion of heal wounds for 65 gold pieces
  2081 | D:2      | Bought a potion of might for 52 gold pieces
  2187 | D:2      | Reached XP level 4. HP: 37/37 MP: 3/3
  2630 | D:3      | Reached skill level 5 in Long Blades
  2637 | D:3      | Identified the +1 helmet "Feteur" {Int+3}
  2781 | D:3      | Noticed Jessica
  2788 | D:3      | Killed Jessica
  3007 | D:3      | Reached XP level 5. HP: 42/42 MP: 4/4
  3089 | D:3      | Found a basalt altar of Yredelemnul.
  3093 | D:3      | Became a worshipper of Yredelemnul the Dark
  3151 | D:3      | Found a sparkling altar of Nemelex Xobeh.
  3229 | D:3      | Found an opulent altar of Gozag.
  3384 | D:4      | Reached skill level 1 in Ranged Weapons
  3397 | D:4      | Reached skill level 1 in Invocations
  3397 | D:4      | Reached XP level 6. HP: 38/51 MP: 5/5
  3437 | D:4      | Reached skill level 6 in Long Blades
  3617 | D:4      | Reached * piety under Yredelemnul
  3638 | D:4      | HP: 2/51 [ogre/+0 giant spiked club (23)]
  3949 | D:4      | Reached ** piety under Yredelemnul
  4007 | D:4      | Reached XP level 7. HP: 51/57 MP: 7/7
  4102 | D:4      | Found a shimmering altar of Xom.
  4200 | D:4      | Found a runed translucent gate.
  4200 | D:4      | Found a runed translucent gate.
  4202 | D:4      | Found a runed translucent gate.
  4204 | D:4      | Noticed mpzz's ghost (amateur MiFi)
  4204 | D:4      | Noticed tykejmi's ghost (novice DENe)
  4210 | D:4      | Reached *** piety under Yredelemnul
  4319 | D:4      | Found a snail-covered altar of Cheibriados.
  4378 | D:4      | Killed mpzz's ghost
  4380 | D:4      | Killed tykejmi's ghost
  4381 | D:4      | Reached skill level 7 in Long Blades
  4381 | D:4      | Reached XP level 8. HP: 27/66 MP: 7/9
  4623 | D:5      | Entered Level 5 of the Dungeon
  4625 | D:5      | Found a hide-covered altar of Uskayaw.
  4780 | D:5      | Reached skill level 5 in Dodging
  5089 | D:5      | Found a blossoming altar of Fedhas.
  5143 | D:5      | Reached skill level 8 in Long Blades
  5213 | D:5      | Found an ancient bone altar of Kikubaaqudgha.
  5741 | D:5      | Reached skill level 1 in Stealth
  5864 | D:5      | Found an iron altar of Okawaru.
  5872 | D:5      | Reached skill level 5 in Armour
  6053 | D:6      | Reached skill level 5 in Fighting
  6480 | D:6      | Reached XP level 9. HP: 74/74 MP: 11/11
  6745 | D:6      | Reached skill level 9 in Long Blades
  7132 | D:6      | Reached skill level 5 in Invocations
  8065 | D:7      | Found a staircase to the Ecumenical Temple.
  8394 | D:7      | Noticed Menkaure
  8400 | D:7      | Killed Menkaure
  8451 | D:7      | Reached skill level 10 in Long Blades
  8478 | D:7      | Identified the +2 helmet of Tartarus {MP+9}
  8505 | D:7      | Noticed Prince Ribbit
  8524 | D:7      | Killed Prince Ribbit
  9119 | Temple   | Entered the Ecumenical Temple
  9315 | D:8      | Noticed an orange demon
  9315 | D:8      | Noticed Amaemon
  9482 | D:9      | Reached XP level 10. HP: 59/84 MP: 13/13
  9946 | D:9      | Noticed Harold
  9959 | D:9      | Mangled by Harold

Illustrated notes

Levels and vault maps discovered:
D:1:      lemuel_arrival_broad_hall, layout_basic,
          shapermc_ecumenical_altar_venn
D:2:      layout_loops_ring, serial_co_window_serial,
          co_window_of_opportunity_a, co_window_corner_a, co_window_paths_a,
          co_window_of_opportunity_a, co_window_corner_a, co_window_cross_1,
          co_window_of_opportunity_a, co_window_corner_b, co_window_corner_b,
          co_window_2corner, co_window_broadway_c, co_window_broadway_a,
          co_window_of_opportunity_c, co_window_2corner, glass_columns_b,
          glass_columns_b, glass_columns_a, glass_columns_a, serial_shops, shop,
          basic_altar, chequers_serial_rivers_room_b
D:3:      layout_loops_ring, nicolae_overflow_crystal_walls,
          mainiacjoe_overflow_big_doors, uniq_jessica
D:4:      layout_cave_pools, mainiacjoe_overflow_catwalk,
          mainiacjoe_overflow_surrounded_room, gammafunk_ghost_cemetery,
          nicolae_grassy_gnolls
D:5:      layout_loops_ring, mainiacjoe_overflow_brackets,
          okawaru_metal_pillars_1_2, hangedman_feature_mirror,
          kennysheep_small_circle
D:6:      layout_cave_pools, serial_gnoll_camp, gnoll_camp_mini_hut,
          gnoll_camp_mini_house, gnoll_camp_mini_house, gnoll_camp_mini_basic,
          nrook_uturn, minmay_misc_feat_rugged
D:7:      layout_loops_ring, minmay_temple_entry_slanted, uniq_menkaure,
          uniq_prince_ribbit1
D:8:      layout_basic, uniq_joseph, uniq_amaemon
D:9:      layout_basic, nicolae_sif_muna_little_library, elyvilon_altar_3,
          minmay_radiant, uniq_harold
Temple:   hellmonk_temple_flake

Skill      XL: |  1  2  3  4  5  6  7  8  9 10 |
---------------+-------------------------------+-----
Long Blades    | 4 5 6 7 8 10 | 10.6
Armour         | 1 2 3 4 5 6 7 |  7.2
Dodging        | 4 5 6 |  6.2
Fighting       | 3 4 5 6 |  6.7
Ranged Weapons | 1 2 3 |  3.9
Invocations    | 1 2 3 4 5 6 |  6.2
Stealth        | 1 2 |  2.1
Throwing       | |  2.1

Action                   |  1- 3 |  4- 6 |  7- 9 | 10-12 || total
-------------------------+-------+-------+-------+-------++-------
Melee: Long sword        |    79 |    91 |   316 |    41 ||   527
       Headbutt          |    14 |    12 |    61 |     7 ||    94
       Punch             |       |     1 |     3 |       ||     4
 Fire: Shortbow          |       |    27 |     2 |       ||    29
  Use: Potion            |       |       |     1 |     2 ||     3
       Scroll            |       |       |    13 |       ||    13
 Stab: Distracted        |       |       |     3 |       ||     3
Armor: Leather armour    |    13 |       |       |       ||    13
       Ring mail         |    23 |    39 |   108 |       ||   170
       Scale mail        |       |       |    38 |    17 ||    55
Dodge: Dodged            |    41 |    55 |   186 |    28 ||   310
